[ AOE2 MATCH · #507359715 ]
UnrankedTatars vs Mapuche
Player's team · LOSS
Rival team · WIN
[ REPLAY ANALYSIS · EXTRACTED FROM THE RECORDED GAME ]
Feudal
9:16
Castle
21:08
Imperial
—
| APM avg | 61.8 |
| APM peak | 110 |
| eAPM avg | 26.5 |
| Villagers / military | 96 / 78 |
Focus
⚔️ 44.7% · 🌾 55.3%
Archer ×65 · Mangonel ×9 · Militia ×4
Feudal
9:16
Castle
19:51
Imperial
—
| APM avg | 63.5 |
| APM peak | 88 |
| eAPM avg | 30.1 |
| Villagers / military | 119 / 110 |
Focus
⚔️ 48.5% · 🌾 51.5%
Skirmisher ×62 · Petard ×18 · Bolas Rider ×15 · Mangonel ×9 · Archer ×5 · Unknown (2550) ×2
Match map
Initial resources + every placement click. Lines = walls · curves = elevation contours. ◆ gold · ⬟ stone · ● berries · ✦ relic · ◌ wall gap
Your base· Open — unwalled flank
Survivalist's base· Open — unwalled flank
Smoothed initial terrain · ◌ = detected wall gap · hover for details
Inputs per minute
— DK | Good_luck - - Survivalist
Build order — DK | Good_luck
First 150 of 278 actions detected
| 0:00 | Queue | Villager (Male) |
| 0:01 | Queue | Villager (Male) |
| 0:01 | Build | House |
| 0:02 | Build | House |
| 0:06 | Queue | Villager (Male) |
| 0:07 | Queue | Villager (Male) |
| 1:13 | Queue | Villager (Male) |
| 1:13 | Queue | Villager (Male) |
| 1:13 | Queue | Villager (Male) |
| 1:37 | Queue | Villager (Male) |
| 1:37 | Queue | Villager (Male) |
| 1:57 | Build | Lumber Camp |
| 2:16 | Queue | Villager (Male) |
| 2:16 | Queue | Villager (Male) |
| 2:40 | Queue | Villager (Male) |
| 2:40 | Queue | Villager (Male) |
| 3:01 | Queue | Villager (Male) |
| 3:24 | Build | House |
| 3:25 | Build | House |
| 3:32 | Queue | Villager (Male) |
| 3:48 | Queue | Villager (Male) |
| 3:49 | Queue | Villager (Male) |
| 4:02 | Build | House |
| 4:20 | Queue | Villager (Male) |
| 4:20 | Queue | Villager (Male) |
| 4:24 | Build | Palisade Wall |
| 4:25 | Build | Palisade Wall |
| 4:25 | Build | Palisade Wall |
| 4:35 | Queue | Villager (Male) |
| 5:34 | Build | Barracks |
| 5:36 | Queue | Villager (Male) |
| 5:36 | Research | Loom |
| 6:15 | Queue | Villager (Male) |
| 6:15 | Research | Loom |
| 6:19 | Build | House |
| 6:57 | Research | Feudal Age |
| 7:09 | Queue | Militia |
| 7:28 | Build | Mining Camp |
| 7:30 | Queue | Militia |
| 7:49 | Queue | Militia |
| 7:55 | Build | Palisade Wall |
| 8:30 | Queue | Villager (Male) |
| 8:43 | Queue | Villager (Male) |
| 8:44 | Build | House |
| 8:56 | Queue | Villager (Male) |
| 9:16 | Age | Feudal Age |
| 9:18 | Build | Watch Tower |
| 9:23 | Build | Watch Tower |
| 9:30 | Research | Man-at-Arms (upgrade) |
| 9:42 | Queue | Militia |
| 9:51 | Build | Mill |
| 9:56 | Build | Archery Range |
| 10:06 | Queue | Villager (Male) |
| 10:13 | Research | Double-Bit Axe |
| 10:34 | Queue | Villager (Male) |
| 10:53 | Queue | Villager (Male) |
| 11:11 | Queue | Archer |
| 11:11 | Queue | Archer |
| 11:13 | Build | Palisade Wall |
| 11:14 | Build | Palisade Wall |
| 11:14 | Build | Palisade Wall |
| 11:14 | Build | Palisade Wall |
| 11:15 | Build | Palisade Wall |
| 11:21 | Queue | Villager (Male) |
| 11:28 | Build | Blacksmith |
| 11:44 | Build | Palisade Wall |
| 11:51 | Queue | Archer |
| 12:01 | Queue | Villager (Male) |
| 12:22 | Build | Blacksmith |
| 12:30 | Queue | Villager (Male) |
| 12:35 | Build | Archery Range |
| 12:39 | Queue | Villager (Male) |
| 12:45 | Queue | Villager (Male) |
| 12:47 | Build | House |
| 12:52 | Research | Fletching |
| 12:52 | Research | Fletching |
| 13:05 | Build | Farm |
| 13:14 | Build | House |
| 13:16 | Queue | Archer |
| 13:30 | Queue | Villager (Male) |
| 13:41 | Queue | Archer |
| 13:41 | Queue | Archer |
| 13:54 | Queue | Villager (Male) |
| 14:12 | Queue | Archer |
| 14:12 | Queue | Archer |
| 14:13 | Queue | Villager (Male) |
| 14:15 | Build | House |
| 14:25 | Queue | Villager (Male) |
| 14:27 | Build | Farm |
| 14:27 | Build | Farm |
| 14:29 | Build | Farm |
| 14:53 | Queue | Archer |
| 14:53 | Queue | Archer |
| 14:54 | Build | House |
| 14:56 | Queue | Villager (Male) |
| 14:57 | Build | Farm |
| 15:07 | Queue | Archer |
| 15:08 | Queue | Villager (Male) |
| 15:32 | Queue | Archer |
| 15:34 | Queue | Villager (Male) |
| 15:36 | Build | Farm |
| 15:38 | Build | Farm |
| 16:05 | Queue | Archer |
| 16:12 | Queue | Villager (Male) |
| 16:24 | Queue | Villager (Male) |
| 16:25 | Build | Farm |
| 16:26 | Build | Farm |
| 16:50 | Queue | Villager (Male) |
| 16:51 | Build | Farm |
| 16:52 | Build | Farm |
| 17:00 | Build | House |
| 17:02 | Build | Palisade Wall |
| 17:21 | Build | Mining Camp |
| 17:50 | Queue | Villager (Male) |
| 17:53 | Build | Market |
| 18:28 | Research | Castle Age |
| 18:33 | Queue | Archer |
| 18:33 | Queue | Archer |
| 19:07 | Queue | Archer |
| 19:15 | Queue | Archer |
| 19:24 | Queue | Archer |
| 19:34 | Queue | Archer |
| 19:37 | Queue | Villager (Male) |
| 19:45 | Research | Padded Archer Armor |
| 19:45 | Research | Padded Archer Armor |
| 19:46 | Research | Horse Collar |
| 20:00 | Queue | Archer |
| 20:10 | Queue | Archer |
| 20:10 | Queue | Archer |
| 20:14 | Queue | Villager (Male) |
| 20:21 | Research | Gold Mining |
| 20:32 | Queue | Archer |
| 20:32 | Queue | Archer |
| 21:02 | Build | Palisade Wall |
| 21:03 | Build | Palisade Wall |
| 21:05 | Queue | Villager (Male) |
| 21:08 | Age | Castle Age |
| 21:10 | Build | Siege Workshop |
| 21:16 | Research | Crossbowman (upgrade) |
| 21:31 | Build | Farm |
| 21:32 | Build | Farm |
| 21:33 | Build | Lumber Camp |
| 21:39 | Research | Bodkin Arrow |
| 21:39 | Research | Bodkin Arrow |
| 21:48 | Queue | Mangonel |
| 21:51 | Build | House |
| 21:58 | Queue | Archer |
| 22:02 | Queue | Villager (Male) |
| 22:13 | Research | Bodkin Arrow |
| 22:13 | Research | Bodkin Arrow |
Build order — Survivalist
First 150 of 369 actions detected
| 0:00 | Queue | Villager (Male) |
| 0:02 | Build | House |
| 0:02 | Build | House |
| 0:15 | Queue | Villager (Male) |
| 0:16 | Queue | Villager (Male) |
| 0:19 | Queue | Villager (Male) |
| 1:35 | Queue | Villager (Male) |
| 1:35 | Queue | Villager (Male) |
| 1:54 | Build | Settlement |
| 2:00 | Queue | Villager (Male) |
| 2:01 | Queue | Villager (Male) |
| 2:45 | Queue | Villager (Male) |
| 2:45 | Queue | Villager (Male) |
| 3:00 | Queue | Villager (Male) |
| 3:32 | Queue | Villager (Male) |
| 3:58 | Queue | Villager (Male) |
| 3:58 | Queue | Villager (Male) |
| 4:06 | Queue | Villager (Male) |
| 4:26 | Queue | Villager (Male) |
| 5:17 | Queue | Villager (Male) |
| 5:17 | Queue | Villager (Male) |
| 5:36 | Queue | Villager (Male) |
| 5:39 | Queue | Villager (Male) |
| 5:39 | Queue | Villager (Male) |
| 5:51 | Queue | Villager (Male) |
| 5:51 | Queue | Villager (Male) |
| 6:03 | Queue | Villager (Male) |
| 6:22 | Build | Settlement |
| 6:25 | Research | Loom |
| 6:58 | Research | Feudal Age |
| 7:50 | Queue | Villager (Male) |
| 7:59 | Build | Palisade Wall |
| 8:00 | Build | Palisade Wall |
| 8:02 | Build | Palisade Wall |
| 8:03 | Build | Palisade Wall |
| 8:12 | Build | Palisade Wall |
| 8:13 | Build | Palisade Wall |
| 8:14 | Build | Palisade Wall |
| 8:15 | Build | Palisade Wall |
| 8:15 | Build | Palisade Wall |
| 8:22 | Build | Palisade Wall |
| 8:23 | Build | Palisade Wall |
| 8:24 | Build | Palisade Wall |
| 8:36 | Build | Palisade Wall |
| 8:42 | Queue | Villager (Male) |
| 8:50 | Build | Barracks |
| 8:57 | Build | Barracks |
| 9:03 | Build | Barracks |
| 9:06 | Build | House |
| 9:07 | Queue | Villager (Male) |
| 9:14 | Build | Palisade Wall |
| 9:16 | Age | Feudal Age |
| 9:25 | Research | Double-Bit Axe |
| 9:27 | Queue | Villager (Male) |
| 9:48 | Build | Stone Wall |
| 9:53 | Queue | Villager (Male) |
| 10:03 | Build | Stone Wall |
| 10:21 | Build | Archery Range |
| 10:32 | Queue | Skirmisher |
| 10:39 | Build | Palisade Wall |
| 10:40 | Build | Palisade Wall |
| 10:42 | Queue | Villager (Male) |
| 10:56 | Queue | Villager (Male) |
| 10:59 | Build | Palisade Wall |
| 11:00 | Build | Palisade Wall |
| 11:13 | Queue | Archer |
| 11:20 | Queue | Villager (Male) |
| 11:22 | Build | Farm |
| 11:24 | Build | Farm |
| 11:24 | Build | Farm |
| 11:26 | Build | Farm |
| 11:29 | Build | Farm |
| 11:31 | Build | Farm |
| 11:36 | Build | Farm |
| 11:43 | Queue | Villager (Male) |
| 11:55 | Build | Settlement |
| 12:08 | Build | House |
| 12:09 | Build | House |
| 12:12 | Build | House |
| 12:25 | Build | Farm |
| 12:51 | Build | Farm |
| 12:55 | Queue | Villager (Male) |
| 12:58 | Build | Farm |
| 13:20 | Queue | Archer |
| 13:23 | Queue | Villager (Male) |
| 13:47 | Queue | Villager (Male) |
| 13:50 | Build | Blacksmith |
| 13:53 | Build | Stone Wall |
| 13:55 | Build | Stone Wall |
| 13:59 | Queue | Villager (Male) |
| 14:15 | Build | House |
| 14:25 | Queue | Archer |
| 14:27 | Queue | Villager (Male) |
| 14:58 | Queue | Villager (Male) |
| 15:24 | Build | Market |
| 15:29 | Queue | Villager (Male) |
| 15:33 | Research | Fletching |
| 15:34 | Queue | Archer |
| 15:42 | Queue | Villager (Male) |
| 15:57 | Queue | Skirmisher |
| 15:57 | Queue | Skirmisher |
| 16:02 | Queue | Villager (Male) |
| 16:18 | Queue | Villager (Male) |
| 16:22 | Build | Farm |
| 16:25 | Build | Farm |
| 17:03 | Research | Castle Age |
| 17:04 | Research | Castle Age |
| 17:19 | Build | Farm |
| 17:20 | Build | Farm |
| 17:22 | Build | Farm |
| 17:23 | Build | Farm |
| 17:23 | Build | Farm |
| 17:33 | Queue | Skirmisher |
| 17:33 | Queue | Skirmisher |
| 17:38 | Queue | Archer |
| 17:46 | Queue | Skirmisher |
| 17:46 | Queue | Skirmisher |
| 17:54 | Queue | Skirmisher |
| 17:58 | Research | Padded Archer Armor |
| 17:58 | Research | Padded Archer Armor |
| 18:06 | Build | House |
| 18:08 | Build | Palisade Wall |
| 18:16 | Queue | Villager (Male) |
| 18:29 | Queue | Skirmisher |
| 19:06 | Queue | Skirmisher |
| 19:06 | Queue | Skirmisher |
| 19:10 | Queue | Villager (Male) |
| 19:15 | Queue | Skirmisher |
| 19:16 | Queue | Villager (Male) |
| 19:25 | Queue | Skirmisher |
| 19:26 | Queue | Skirmisher |
| 19:51 | Age | Castle Age |
| 19:57 | Research | Elite Skirmisher (upgrade) |
| 20:01 | Research | Bodkin Arrow |
| 20:22 | Queue | Bolas Rider |
| 20:23 | Queue | Bolas Rider |
| 20:35 | Research | Horse Collar |
| 20:35 | Research | Horse Collar |
| 20:57 | Research | Bow Saw |
| 21:01 | Queue | Villager (Male) |
| 21:14 | Build | Archery Range |
| 21:17 | Research | Leather Archer Armor |
| 21:27 | Queue | Bolas Rider |
| 21:32 | Queue | Villager (Male) |
| 22:03 | Queue | Villager (Male) |
| 22:06 | Queue | Bolas Rider |
| 22:24 | Build | Town Center |
| 22:26 | Queue | Bolas Rider |
| 22:26 | Queue | Bolas Rider |
| 22:27 | Queue | Villager (Male) |
Match timeline
| 4:24 | DK | Good_luck · wall_segment Palisade Wall x1 |
| 4:25 | DK | Good_luck · wall_segment Palisade Wall x1 |
| 4:25 | DK | Good_luck · wall_segment Palisade Wall x2 |
| 5:34 | DK | Good_luck · first_building Barracks |
| 7:55 | DK | Good_luck · wall_segment Palisade Wall x1 |
| 7:59 | Survivalist · wall_segment Palisade Wall x1 |
| 8:00 | Survivalist · wall_segment Palisade Wall x1 |
| 8:02 | Survivalist · wall_segment Palisade Wall x1 |
| 8:03 | Survivalist · wall_segment Palisade Wall x1 |
| 8:12 | Survivalist · wall_segment Palisade Wall x1 |
| 8:13 | Survivalist · wall_segment Palisade Wall x1 |
| 8:14 | Survivalist · wall_segment Palisade Wall x1 |
| 8:15 | Survivalist · wall_segment Palisade Wall x1 |
| 8:15 | Survivalist · wall_segment Palisade Wall x1 |
| 8:22 | Survivalist · wall_segment Palisade Wall x1 |
| 8:23 | Survivalist · wall_segment Palisade Wall x1 |
| 8:24 | Survivalist · wall_segment Palisade Wall x1 |
| 8:36 | Survivalist · wall_segment Palisade Wall x1 |
| 8:50 | Survivalist · first_building Barracks |
| 9:14 | Survivalist · wall_segment Palisade Wall x1 |
| 9:16 | DK | Good_luck · age_up feudal |
| 9:16 | Survivalist · age_up feudal |
| 9:48 | Survivalist · wall_segment Stone Wall x1 |
| 9:56 | DK | Good_luck · first_building Archery Range |
| 10:03 | Survivalist · wall_segment Stone Wall x1 |
| 10:21 | Survivalist · first_building Archery Range |
| 10:39 | Survivalist · wall_segment Palisade Wall x1 |
| 10:40 | Survivalist · wall_segment Palisade Wall x1 |
| 10:59 | Survivalist · wall_segment Palisade Wall x1 |
| 11:00 | Survivalist · wall_segment Palisade Wall x1 |
| 11:13 | DK | Good_luck · wall_segment Palisade Wall x2 |
| 11:14 | DK | Good_luck · wall_segment Palisade Wall x3 |
| 11:14 | DK | Good_luck · wall_segment Palisade Wall x2 |
| 11:14 | DK | Good_luck · wall_segment Palisade Wall x1 |
| 11:15 | DK | Good_luck · wall_segment Palisade Wall x1 |
| 11:44 | DK | Good_luck · wall_segment Palisade Wall x1 |
| 13:53 | Survivalist · wall_segment Stone Wall x1 |
| 13:55 | Survivalist · wall_segment Stone Wall x1 |
| 16:40 | Survivalist · first_market_buy 100 food |
| 17:02 | DK | Good_luck · wall_segment Palisade Wall x3 |
| 18:08 | Survivalist · wall_segment Palisade Wall x14 |
| 18:19 | DK | Good_luck · first_market_buy 100 food |
| 19:51 | Survivalist · age_up castle |
| 21:02 | DK | Good_luck · wall_segment Palisade Wall x1 |
| 21:03 | DK | Good_luck · wall_segment Palisade Wall x1 |
| 21:08 | DK | Good_luck · age_up castle |
| 21:10 | DK | Good_luck · first_building Siege Workshop |
| 24:15 | Survivalist · first_building Siege Workshop |
| 29:47 | DK | Good_luck · first_market_sell 100 wood |
| 34:09 | Survivalist · first_market_sell 100 wood |
| 34:12 | DK | Good_luck · first_building Castle |
| 37:13 | DK | Good_luck · resign |
[ AI ANALYSIS · 1 CREDIT ]
What really happened in this match?
Wolo.gg analyzes every decision: build order, eco, micro, common mistakes by bracket. Personalized analysis on WhatsApp or Discord in 30 seconds.
Civ guide
Tatars
Perfil
Jugador #689666